 Dungeon Crawl Stone Soup version 0.28.0-47-ge53b351184 (webtiles) character file.

Game seed: 13662051311347359338

110 Bruhh the Ducker (level 4, -2/41 HPs)
             Began as a Gnoll Monk on May 2, 2022.
             Was an Initiate of Gozag.
             Slain by an orc
             ... wielding a +0 hand axe
              (5 damage)
             ... on level 3 of the Dungeon.
             The game lasted 00:03:54 (2666 turns).

Bruhh the Ducker (Gnoll Monk)                       Turns: 2666, Time: 00:03:55

Health: -2/41      AC:  2    Str: 10    XL:     4   Next: 91%
Magic:  5/5        EV: 15    Int: 10    God:    Gozag
Gold:   172        SH:  0    Dex: 16    Spells: 5/5 levels left

rFire   . . .      SeeInvis .   a - +0 falchion
rCold   . . .      Faith    .   (no shield)
rNeg    . . .      Spirit   .   b - +0 robe
rPois   .          Reflect  .   (no helmet)
rElec   .          Harm     .   (no cloak)
rCorr   .          Rampage  .   (no gloves)
Will    .....                   (no boots)
Stlth   +++.......              (no amulet)
HPRegen 0.13/turn               (no ring)
MPRegen 0.09/turn               (no ring)

@: gold aura
A: fangs 1, strong nose, distributed training
a: Renounce Religion, Potion Petition, Call Merchant, Bribe Branch


You were on level 3 of the Dungeon.
You worshipped Gozag.
Gozag was aware of your devotion.
You visited 1 branch of the dungeon, and saw 3 of its levels.

You collected 172 gold pieces.

Inventory:

Hand Weapons
 a - a +0 falchion (weapon)
Armour
 b - a +0 robe (worn)
Scrolls
 e - 4 scrolls of identify {unknown}
 g - 2 scrolls of amnesia {unknown}
Potions
 c - a potion of cancellation {unknown}
 d - a potion of curing {unknown}
 f - 2 potions of mutation {unknown}


   Skills:
 + Level 6.6 Fighting
 + Level 1.2 Short Blades
 + Level 6.6 Long Blades
 + Level 1.2 Axes
 + Level 1.2 Maces & Flails
 + Level 1.2 Polearms
 + Level 1.2 Staves
 + Level 1.2 Slings
 + Level 1.2 Bows
 + Level 1.2 Crossbows
 + Level 1.2 Throwing
 + Level 1.2 Armour
 + Level 6.6 Dodging
 + Level 4.3 Stealth
 + Level 1.2 Shields
 + Level 1.2 Unarmed Combat
 + Level 1.2 Spellcasting
 + Level 1.0 Conjurations
 + Level 1.0 Hexes
 + Level 1.0 Summonings
 + Level 1.0 Necromancy
 + Level 1.0 Translocations
 + Level 1.0 Transmutations
 + Level 1.0 Fire Magic
 + Level 1.0 Ice Magic
 + Level 1.0 Air Magic
 + Level 1.0 Earth Magic
 + Level 1.0 Poison Magic
 + Level 1.4 Invocations
 + Level 1.2 Evocations


You had 5 spell levels left.
You didn't know any spells.
Your spell library was empty.

Dungeon Overview and Level Annotations

Branches:
Dungeon (3/15)

Altars:
Gozag

Shops:
D:1 =


Innate Abilities, Weirdness & Mutations

You have very sharp teeth.
Your uncanny sense of smell can sniff out nearby items.
Your experience applies equally to all skills.


Message History

You miss something.
You feel sick.
You hear some strange, mumbled words.
Something tries to affect you, but you resist.
You hit something. You bite something.
You feel sick.
You are no longer poisoned.
Something hits you.
You hit something. Something hits you.
You closely miss something. Something hits you.
You closely miss something. Something hits you.
You closely miss something. Something hits you but does no damage.
You completely miss something. Something hits you.
You barely miss something. Something closely misses you.
You completely miss something. Something hits you.
You hit something.
A magic dart appears from out of thin air!
The magic dart hits something.
Reactivating autopickup.
You feel a bit more experienced. The orc hits you with a +0 hand axe.
Something hits you.
Deactivating autopickup; reactivate with Ctrl-A.
Things that are here:
6 gold pieces; a +0 dagger; a +0 robe You barely miss something.
The orc hits you but does no damage. Something completely misses you.
You hit something. Your bite misses something. The orc barely misses you.
You hear a shout!
You closely miss something. Your bite misses something.
The orc hits you with a +0 hand axe. Something hits you but does no damage.
You hit something but do no damage. The orc hits you with a +0 hand axe.
* * * LOW HITPOINT WARNING * * *
Something hits you.
* * * LOW HITPOINT WARNING * * *
You hit something. The orc hits you but does no damage. Something hits you.
* * * LOW HITPOINT WARNING * * *
You closely miss something. The orc hits you with a +0 hand axe.
* * * LOW HITPOINT WARNING * * *
Something completely misses you.
You miss something. The orc hits you with a +0 hand axe.
You die...
Your body crumbles into a pile of gold.

#...## ..o..##
.o....# ......#
.o....# ##.....##
####.......#
######o..........
####
#...$@{##........
#..##
###.########.......
#...# #...# #......
#.#.###.### ##....
#.#.....# ....
#.###...# ...
####.###.#......
...#.##..######. ∆
##...##.####


You could see an orc.

Vanquished Creatures
  A jelly (D:3)
  An adder (D:2)
  An ufetubus (D:3)
  A worm (D:2)
  2 dart slugs
  2 orcs (D:3)
  3 ball pythons
  4 bats
  3 endoplasms
  3 giant cockroaches
  A goblin (D:1)
  4 hobgoblins
  2 kobolds
  A quokka (D:1)
  4 frilled lizards
  4 rats
37 creatures vanquished.

Vanquished Creatures (others)
  An orc wizard (D:3)
1 creature vanquished.

Grand Total: 38 creatures vanquished

Notes
Turn   | Place    | Note
-------+----------+-------------------------------------------
     0 | D:1      | Bruhh the Gnoll Monk began the quest for the Orb.
     0 | D:1      | Reached XP level 1. HP: 23/23 MP: 1/1
   294 | D:1      | Reached XP level 2. HP: 24/29 MP: 2/2
   808 | D:1      | Found Neimp's Jewellery Boutique.
  1346 | D:2      | Found a faded altar of an unknown god.
  1411 | D:2      | Prayed at the altar of an unknown god.
  1411 | D:2      | Became a worshipper of Gozag Ym Sagoz the Greedy
  1465 | D:2      | Reached XP level 3. HP: 34/35 MP: 3/3
  2098 | D:2      | Reached skill level 1 in Invocations
  2228 | D:3      | Reached skill level 1 in Short Blades
  2228 | D:3      | Reached skill level 1 in Axes
  2228 | D:3      | Reached skill level 1 in Maces & Flails
  2228 | D:3      | Reached skill level 1 in Polearms
  2228 | D:3      | Reached skill level 1 in Staves
  2228 | D:3      | Reached skill level 1 in Slings
  2228 | D:3      | Reached skill level 1 in Bows
  2228 | D:3      | Reached skill level 1 in Crossbows
  2228 | D:3      | Reached skill level 1 in Throwing
  2228 | D:3      | Reached skill level 1 in Armour
  2228 | D:3      | Reached skill level 1 in Shields
  2228 | D:3      | Reached skill level 1 in Unarmed Combat
  2228 | D:3      | Reached skill level 1 in Spellcasting
  2228 | D:3      | Reached skill level 1 in Evocations
  2228 | D:3      | Reached XP level 4. HP: 21/41 MP: 5/5
  2643 | D:3      | Reached skill level 1 in Conjurations
  2643 | D:3      | Reached skill level 1 in Hexes
  2643 | D:3      | Reached skill level 1 in Summonings
  2643 | D:3      | Reached skill level 1 in Necromancy
  2643 | D:3      | Reached skill level 1 in Translocations
  2643 | D:3      | Reached skill level 1 in Transmutations
  2643 | D:3      | Reached skill level 1 in Fire Magic
  2643 | D:3      | Reached skill level 1 in Ice Magic
  2643 | D:3      | Reached skill level 1 in Air Magic
  2643 | D:3      | Reached skill level 1 in Earth Magic
  2643 | D:3      | Reached skill level 1 in Poison Magic
  2666 | D:3      | Slain by an orc

Illustrated notes

Levels and vault maps discovered:
D:1:      dpeg_arrival_brainrot, layout_loops_ring, serial_shops,
          nicolae_shop_stone
D:2:      layout_basic, shapermc_ecumenical_altar_totnotflames
D:3:      layout_rooms, uniq_natasha

Skill      XL: |  1  2  3  4 |
---------------+-------------+-----
Invocations    | 1 |  1.4
Short Blades   | 1 |  1.2
Axes           | 1 |  1.2
Maces & Flails | 1 |  1.2
Polearms       | 1 |  1.2
Staves         | 1 |  1.2
Slings         | 1 |  1.2
Bows           | 1 |  1.2
Crossbows      | 1 |  1.2
Throwing       | 1 |  1.2
Armour         | 1 |  1.2
Shields        | 1 |  1.2
Unarmed Combat | 1 |  1.2
Spellcasting   | 1 |  1.2
Evocations     | 1 |  1.2
Conjurations   | 1 |  1.0
Hexes          | 1 |  1.0
Summonings     | 1 |  1.0
Necromancy     | 1 |  1.0
Translocations | 1 |  1.0
Transmutations | 1 |  1.0
Fire Magic     | 1 |  1.0
Ice Magic      | 1 |  1.0
Air Magic      | 1 |  1.0
Earth Magic    | 1 |  1.0
Poison Magic   | 1 |  1.0
Fighting       | |  6.6
Long Blades    | |  6.6
Dodging        | |  6.6
Stealth        | |  4.3

Action                   |  1- 3 |  4- 6 || total
-------------------------+-------+-------++-------
Melee: Falchion          |    87 |    49 ||   136
       Bite              |     4 |     6 ||    10
       Punch             |       |     1 ||     1
 Stab: Sleeping          |     5 |       ||     5
Armor: Robe              |    10 |     7 ||    17
Dodge: Dodged            |    70 |    21 ||    91
